 Dungeon Crawl Stone Soup version 0.25.0-10-g039870ee82 (webtiles) character file.

Game seed: 8113191596974577176

627 Kold the Changer (level 7, 0/43 HPs)
             Began as an Octopode Transmuter on June 23, 2020.
             Was an Initiate of Cheibriados.
             Slain by a sky beast (3 damage)
             ... on level 5 of the Dungeon.
             The game lasted 00:11:15 (6342 turns).

Kold the Changer (Octopode Transmuter)              Turns: 6342, Time: 00:11:15

Health: 0/43       AC:  2    Str: 10    XL:     7   Next: 48%
Magic:  9/10       EV: 20    Int: 16    God:    Cheibriados [......]
Gold:   240        SH:  0    Dex: 21    Spells: 4/10 levels left

rFire    . . .     SeeInvis .     - Unarmed
rCold    . . .     Gourm    .   (shield currently unavailable)
rNeg     . . .     Faith    .   (helmet currently unavailable)
rPois    x         Spirit   .   (no amulet)
rElec    .         Reflect  .   e - ring of flight
rCorr    .         Harm     .   (no ring)
MR       .....                  n - ring of stealth
Stlth    +++.......             (no ring)
HPRegen  0.14/turn              (no ring)
MPRegen  0.12/turn              (no ring)
                                (no ring)
                                (no ring)

@: spider-form (expiring), very slow
A: tiny, almost no armour, stealthy swim, (amphibious), 8 rings, (constrict 8)
a: End Transformation, Bend Time, Renounce Religion, Evoke Flight


You were on level 5 of the Dungeon.
You worshipped Cheibriados.
Cheibriados was noncommittal.
You were not hungry.
You were a venomous arachnid creature.
You visited 2 branches of the dungeon, and saw 6 of its levels.

You collected 240 gold pieces.

Inventory:

Missiles
 a - 87 arrows
Jewellery
 e - a ring of flight (left front leg)
 n - a ring of stealth (on tentacle)
Wands
 u - a wand of paralysis (8)
Scrolls
 d - 2 scrolls of fog {unknown}
 g - 7 scrolls of identify
 h - a scroll of noise {unknown}
 k - 3 scrolls of remove curse
 l - 2 scrolls of teleportation {unknown}
 m - a scroll of amnesia {unknown}
 o - a scroll of fear {unknown}
 p - 4 scrolls of blinking {unknown}
 v - a scroll of enchant armour {unknown}
Potions
 b - 4 potions of flight {unknown}
 f - a potion of degeneration {unknown}
 i - a potion of might {unknown}
 j - a potion of lignification {unknown}
 q - a potion of mutation {unknown}
 r - a potion of curing {unknown}
 s - a potion of stabbing {unknown}
 w - a potion of heal wounds {unknown}
Comestibles
 c - 7 rations
 t - 2 chunks of flesh


   Skills:
 - Level 1.0 Fighting
 - Level 2.0 Dodging
 - Level 2.0 Stealth
 + Level 5.2 Unarmed Combat
 - Level 2.0 Spellcasting
 + Level 5.5 Transmutations
 - Level 4.0 Poison Magic


You had 4 spell levels left.
You knew the following spells:

 Your Spells              Type           Power        Failure   Level  Hunger
a - Beastly Appendage     Tmut           ###...       9%          1    #......
b - Sticks to Snakes      Tmut           ###.....     11%         2    ###....
c - Spider Form           Tmut/Pois      ###.......   22%         3    ###....

Your spell library contained the following spells:

 Spells                   Type           Power        Failure   Level  Hunger
 Ice Form                 Ice/Tmut       ##......     75%         4    #####..
 Blade Hands              Tmut           ###.......   73%         5    ######.


Dungeon Overview and Level Annotations

Branches:
Dungeon (5/15)             Temple (1/1) D:4

Altars:
Ashenzari
Cheibriados
Elyvilon
Fedhas
Gozag
Hepliaklqana
Kikubaaqudgha
Makhleb
Okawaru
Qazlal
Ru
Trog
Uskayaw
Xom
Yredelemnul
Zin
The Shining One

Annotations:
D:2 1 runed translucent door, Crazy Yiuf


Innate Abilities, Weirdness & Mutations

You cannot wear most types of armour.
You are very stealthy in the water. (Stealth+)
((You are amphibious.))
You can wear up to eight rings at the same time.
((You can use your tentacles to constrict eight enemies at once.))
((Your skin changes colour to match your surroundings (Stealth+).))
((Your rubbery body absorbs attacks. (AC +1, EV +1)))


Message History

Confirm with . or Enter, or press ? or * to list all spells.
You turn into a venomous arachnid creature.
Something closely misses you.
The crimson imp blinks!
The jelly hits you.
* * * LOW HITPOINT WARNING * * *
The acid corrodes you!
You are splashed with acid!
* * * LOW HITPOINT WARNING * * *
The crimson imp blinks!
Something completely misses you. The jelly barely misses you.
Your transformation is almost over.
A sky beast appears from thin air!
Reactivating autopickup.
There is an open door here.
The jelly misses you. The jelly closely misses you.
You see here a +0 shortbow.
The crimson imp blinks!
You are no longer corroded.
The sky beast hits you.
You die...

####### #.....# #.....# #####
#####.....##########
#..<#####.........'.........
##.####.....##.....##########
#.....'.....sYJ)...'.§≈......
#######...........(####....≈≈
+..(.........# #..(.≈#
#............# ##....≈#
####+#...............≈#
>................≈≈
..#.##########...... #.#.#
###.### # #. ......


You could see a sky beast and a jelly.

Vanquished Creatures
  A centaur (D:5)
  An ogre (D:4)
  A scorpion (D:4)
  A hound (D:4)
  2 bullfrog skeletons (D:4)
  An orc priest (D:3)
  2 orc wizards (D:4)
  A centaur skeleton (D:4)
  2 worker ants
  Robin (D:2)
  6 adders
  An ooze (D:3)
  2 adder skeletons (D:4)
  4 worms
  A dart slug (D:1)
  3 leopard geckos
  8 orcs
  4 giant cockroaches
  9 hobgoblins
  3 quokkas
  3 ball pythons
  2 bats
  7 frilled lizards
  16 goblins
  6 kobolds
  7 rats
95 creatures vanquished.

Notes
Turn   | Place    | Note
-------+----------+-------------------------------------------
     0 | D:1      | Kold the Octopode Transmuter began the quest for the Orb.
     0 | D:1      | Reached XP level 1. HP: 13/13 MP: 3/3
   302 | D:1      | Reached XP level 2. HP: 16/18 MP: 5/5
  1050 | D:2      | Reached XP level 3. HP: 8/23 MP: 4/6
  1931 | D:2      | Noticed Robin
  2283 | D:1      | Learned a level 2 spell: Sticks to Snakes
  2316 | D:2      | Reached XP level 4. HP: 28/28 MP: 7/7
  2413 | D:2      | Killed Robin
  2576 | D:2      | Reached skill level 1 in Stealth
  3101 | D:2      | Found a shimmering altar of Xom.
  3249 | D:2      | Found a runed translucent door.
  3250 | D:2      | Noticed Crazy Yiuf
  3298 | D:3      | Found a faded altar of an unknown god.
  3426 | D:3      | Learned a level 3 spell: Spider Form
  3718 | D:3      | Reached XP level 5. HP: 32/33 MP: 8/8
  4143 | D:3      | Reached skill level 1 in Poison Magic
  4845 | D:4      | Reached XP level 6. HP: 27/38 MP: 9/9
  5448 | D:4      | Found a staircase to the Ecumenical Temple.
  5481 | D:4      | Reached skill level 5 in Transmutations
  5481 | D:4      | Reached XP level 7. HP: 16/43 MP: 6/10
  5491 | Temple   | Entered the Ecumenical Temple
  5688 | Temple   | Became a worshipper of Cheibriados the Contemplative
  6036 | D:4      | Reached skill level 5 in Unarmed Combat
  6240 | D:5      | Entered Level 5 of the Dungeon
  6330 | D:5      | HP: 1/43 [acid (9)]
  6342 | D:5      | Slain by a sky beast

Illustrated notes

Levels and vault maps discovered:
D:1:      heliophobic_arrival_ceremonial_halls, layout_loops_ring,
          minmay_tromino_i2
D:2:      layout_loops_ring, serial_forest, infiniplex_forest_clump_tiny,
          infiniplex_forest_clump_long, infiniplex_forest_straight_5,
          infiniplex_forest_lined_room_2, infiniplex_forest_clump_medium,
          infiniplex_forest_lined_room_2, infiniplex_forest_lined_room_2,
          first_ration, xom_teletrap_fun, uniq_crazy_yiuf_cottage, uniq_robin
D:3:      layout_loops_ring, chequers_ecumenical_altar_island
D:4:      layout_cave_pools, minmay_temple_entry_glass
D:5:      layout_basic, minmay_crystal_water, serial_bayou_pond_e,
          kennysheep_generic_room_8, uniq_edmund
Temple:   lightli_temple_of_artemis

Skill      XL: |  1  2  3  4  5  6  7 |
---------------+----------------------+-----
Transmutations | 3 4 5 |  5.5
Unarmed Combat | 4 5 |  5.2
Stealth        | 1 2 |  2.0
Poison Magic   | 2 4 |  4.0
Fighting       | |  1.0
Dodging        | |  2.0
Spellcasting   | |  2.0

Action                   |  1- 3 |  4- 6 |  7- 9 || total
-------------------------+-------+-------+-------++-------
Melee: Unarmed           |    72 |   154 |    31 ||   257
       Constrict         |    20 |    33 |     4 ||    57
       Tentacles         |    11 |    24 |     7 ||    42
       Kick              |     8 |    15 |     5 ||    28
       Punch             |       |     6 |     2 ||     8
 Cast: Beastly Appendage |     5 |    27 |     3 ||    35
       Sticks to Snakes  |       |     3 |       ||     3
       Spider Form       |       |       |     1 ||     1
  Use: Scroll            |     3 |     1 |       ||     4
 Stab: Sleeping          |     7 |     9 |     3 ||    19
       Distracted        |     1 |     1 |       ||     2
  Eat: Chunk             |     4 |    11 |     3 ||    18
Armor: Skin              |     2 |     8 |     1 ||    11
Dodge: Dodged            |    42 |    90 |    24 ||   156
